Map: [TLMC15] Glittering Ashes

Players

HeroMarine - Winner!

  • Race: Terran Terran

Reynor

  • Race: Zerg Zerg

Event: DreamHack SC2 Masters Last Chance 2022

VOD

Have the link to the VOD?

Description

Time

  • Played on: Jan. 12, 2022, 1 p.m.
  • Length: 19:07

All games in this series

Show
View Real Time Build Order
Export as new Build Order

HeroMarine Terran - Winner!

Build Orders: Hellion Opening, Reaper Expand 

Get SALT Encoding   

  12  0:00  SCV  
  13  0:12  SCV  
  14  0:17  Supply Depot  
  14  0:24  SCV  
  15  0:38  SCV, Barracks  
  16  0:43  Refinery  
  16  0:50  SCV  
  17  1:02  SCV  
  18  1:15  SCV  
  19  1:25  Reaper  
  19  1:27  Orbital Command  
  20  1:37  Command Center  
  20  1:45  Supply Depot  
  20  1:52  SCV  
  21  1:57  Marine  
  22  2:04  SCV  
  23  2:08  Factory  
  23  2:16  SCV  
  24  2:22  Barracks Reactor  
  24  2:28  SCV  
  25  2:40  SCV  
  25  2:41  Command Center  
  26  2:49  Orbital Command  
  26  2:52  SCV  
  26  2:56  Starport  
  27  3:04  SCV  
  28  3:06  Refinery  
  28  3:08  Hellion  
  28  3:11  Hellion  
  28  3:12  Marine  
  33  3:16  SCV  
  33  3:17  SCV  
  35  3:28  SCV  
  35  3:29  Hellion, SCV  
  35  3:32  Hellion  
  41  3:40  Viking  
  41  3:41  SCV x2  
  44  3:44  Barracks Tech Lab  
  45  3:52  Orbital Command  
  45  3:53  SCV  
  45  3:55  Hellion x2  
  50  4:04  SCV  
  50  4:05  SCV  
  52  4:10  Liberator, Supply Depot  
  52  4:16  SCV  
  57  4:17  SCV  
  57  4:18  Hellion  
  57  4:21  Hellion  
  61  4:25  Supply Depot  
  61  4:29  Stimpack, Orbital Command  
  61  4:31  SCV x2, Marine  
  61  4:33  Supply Depot  
  64  4:43  SCV x2  
  66  4:46  Barracks  
  66  4:50  Engineering Bay  
  66  4:51  Engineering Bay, Barracks  
  66  4:52  Factory Reactor  
  66  4:56  SCV x2, Marine  
  66  4:57  Starport Reactor  
  69  5:04  Refinery x2  
  69  5:06  SCV  
  70  5:08  SCV x2  
  70  5:09  Supply Depot  
  72  5:18  SCV  
  72  5:19  Marine  
  72  5:20  SCV x2  
  72  5:21  Terran Infantry Weapons Level 1, Terran Infantry Armor Level 1  
  76  5:30  SCV  
  76  5:32  SCV x2  
  79  5:37  Marine x2  
  79  5:38  Marine, Armory  
  79  5:39  Refinery  
  79  5:40  Factory Reactor  
  82  5:43  SCV  
  82  5:44  SCV x2  
  82  5:45  Marine x2  
  87  5:55  SCV, Marine x2  
  87  5:56  SCV x2, Marine  
  93  6:03  Marine x2  
  87  6:07  SCV  
  87  6:08  SCV x2  
  87  6:09  Barracks  
  87  6:10  Medivac x2, Barracks  
  90  6:13  Marine x2  
  90  6:14  Combat Shield, Marine  
  93  6:20  Supply Depot  
  93  6:21  Supply Depot  
  93  6:26  SCV x2  
  93  6:28  SCV, Marine x2  
  93  6:35  Supply Depot  
  93  6:36  Marine x3  
  93  6:37  Widow Mine x2  
  93  6:39  SCV  
  101  6:42  Factory, Medivac x2, SCV x2  
  101  6:46  Marine x2  
  107  6:51  SCV  
  108  6:54  SCV x2, Marine x3  
  108  6:57  Barracks Reactor  
  108  6:59  Barracks Reactor  
  113  7:02  Widow Mine  
  113  7:04  Marine x2  
  117  7:09  Command Center  
  117  7:12  Marine x3  
  117  7:14  Widow Mine, Medivac  
  124  7:20  Supply Depot  
  124  7:22  Marine  
  125  7:29  Marine  
  125  7:30  Widow Mine  
  125  7:31  Medivac, Marine x3  
  125  7:35  Factory Tech Lab, Marine x2  
  125  7:41  Marine x3  
  128  7:45  Supply Depot x3  
  128  7:47  Marine  
  128  7:49  Marine x3  
  128  7:50  Supply Depot  
  132  7:52  Barracks  
  132  7:53  Marine, Barracks  
  132  7:54  Barracks  
  132  7:56  Terran Infantry Weapons Level 2, Terran Infantry Armor Level 2  
  133  8:03  Drilling Claws  
  133  8:04  Supply Depot  
  133  8:06  Widow Mine x2, SCV, Marine x2  
  133  8:08  Widow Mine  
  133  8:09  Medivac  
  133  8:12  Medivac  
  146  8:13  Marine  
  146  8:14  Marine  
  146  8:18  SCV x2  
  146  8:19  SCV  
  151  8:20  Marine x2  
  151  8:26  Marine x2  
  154  8:29  Marine x2  
  154  8:30  SCV  
  154  8:31  Widow Mine x2, SCV x2  
  154  8:32  Marine x2  
  154  8:33  Marine  
  162  8:37  Widow Mine, Marine  
  162  8:38  Marine  
  167  8:44  Marine  
  167  8:45  Marine  
  156  8:49  Barracks Tech Lab  
  156  8:50  Barracks Tech Lab x2  
  156  8:51  Medivac x2  
  156  8:52  Widow Mine x2  
  156  8:54  Marine x3  
  156  8:55  Marine x3  
  166  8:59  Widow Mine  
  166  9:01  Marine  
  166  9:02  Marine x2  
  172  9:10  Marauder x2  
  172  9:11  Marauder  
  172  9:13  Marauder  
  172  9:14  Widow Mine  
  182  9:17  Sensor Tower  
  182  9:18  Widow Mine  
  182  9:20  Widow Mine  
  186  9:27  Marine x2  
  186  9:29  Concussive Shells  
  186  9:31  Planetary Fortress, Marine  
  187  9:34  Supply Depot x2  
  187  9:45  Marauder  
  187  9:47  Marauder  
  187  9:48  Marauder  
  187  9:49  Marauder  
  182  9:55  Widow Mine x2  
  182  9:56  Marine x2  
  182  9:57  Widow Mine, Medivac x2  
  182  9:59  Marine x2  
  187  10:00  Marine  
  187  10:01  Marine  
  187  10:06  Marauder  
  188  10:08  Marauder  
  188  10:10  Marauder x2  
  188  10:11  Marine x2  
  188  10:13  Marine  
  188  10:14  Marine  
  198  10:15  Ghost Academy, Command Center  
  198  10:16  Widow Mine x2  
  198  10:19  Terran Infantry Weapons Level 3  
  198  10:20  Marine  
  198  10:38  Marine x2  
  198  10:48  Marine x2  
  198  10:49  Marauder x2  
  187  10:50  Widow Mine  
  187  10:51  Widow Mine x2, Medivac x2  
  187  10:52  Marauder  
  187  10:54  Marine x2  
  187  10:55  Marine x2  
  186  10:58  Marauder, Marine x2  
  176  11:06  Marine x2  
  176  11:09  Command Center, Marine  
  176  11:10  Marauder, Refinery  
  176  11:11  Refinery, Command Center, Marine x2  
  181  11:12  Widow Mine x3  
  181  11:13  Terran Infantry Armor Level 3, Marine  
  181  11:14  Marine x2  
  181  11:16  Marine  
  193  11:22  Marauder  
  166  11:26  Marine x2  
  166  11:28  Marauder, Marine  
  166  11:29  Marine x2  
  166  11:30  Marine  
  166  11:31  Marine  
  166  11:32  Marine  
  172  11:33  Widow Mine x2, Marine  
  172  11:34  Marine  
  172  11:36  Orbital Command  
  178  11:43  Marine  
  178  11:44  Marine x2  
  178  11:45  Marine  
  178  11:47  Marine x2  
  178  11:48  Widow Mine  
  178  11:50  Ghost x2  
  186  11:55  Widow Mine  
  186  11:56  Ghost  
  186  12:00  Ghost  
  190  12:06  Marine x3  
  190  12:07  Marine  
  190  12:08  Marine x2  
  193  12:09  Marine x2  
  196  12:18  Widow Mine x2  
  200  12:24  Command Center  
  200  12:26  Personal Cloaking, Orbital Command  
  200  12:48  Planetary Fortress  
  200  12:51  Sensor Tower  
  200  12:58  Refinery  
  200  13:00  Command Center  
  184  13:06  Marine x3  
  184  13:08  Marine  
  184  13:10  Marine x2  
  184  13:11  Marauder x2, Marine  
  184  13:12  SCV x2  
  185  13:13  Orbital Command  
  185  13:14  Marauder  
  185  13:18  Marauder  
  171  13:20  Marine  
  171  13:23  Widow Mine x2  
  171  13:24  Marine x3  
  171  13:26  SCV x4  
  175  13:33  Marauder x2  
  179  13:36  SCV x2  
  179  13:38  SCV  
  179  13:40  Ghost x2, Orbital Command  
  184  13:49  Missile Turret  
  184  13:53  Ghost x2  
  183  14:02  SCV  
  186  14:08  Ghost  
  186  14:09  Ghost  
  188  14:15  SCV  
  188  14:16  SCV  
  188  14:17  Terran Vehicle And Ship Armor Level 1  
  188  14:19  Factory, SCV x2  
  188  14:21  SCV x2  
  188  14:22  Ghost x2  
  195  14:24  Missile Turret  
  182  14:34  Orbital Command  
  182  14:37  Ghost x2  
  179  14:44  Liberator  
  164  14:48  Marine x2  
  164  14:50  Ghost x2  
  169  15:06  Ghost x2  
  171  15:17  Marine  
  171  15:18  Marine x2  
  171  15:19  Ghost x2  
  171  15:20  Marine  
  159  15:26  Marine x2  
  161  15:30  Marine x2  
  161  15:35  Marauder x2, Widow Mine  
  171  15:36  Widow Mine  
  171  15:44  Marine x2  
  171  15:46  Marine  
  171  15:47  Marine x2  
  171  15:48  Marauder x2  
  171  15:49  Marine  
  181  15:50  Marine  
  181  15:52  Medivac  
  181  15:53  Medivac  
  181  15:54  Marine  
  181  15:56  Marauder  
  193  16:04  Widow Mine x2  
  193  16:07  Ghost  
  193  16:08  Marine x2  
  193  16:11  Marauder  
  199  16:12  Marine  
  200  16:23  Refinery  
  200  16:30  Factory Tech Lab  
  200  16:32  Command Center  
  198  16:39  Ghost  
  193  17:05  Ghost x2  
  193  17:06  Ghost  
  193  17:07  Marine  
  193  17:08  Marine  
  200  17:21  Missile Turret  
  199  17:29  Marine  
  200  17:34  Ghost  
  195  17:43  Ghost  
  195  17:44  Ghost  
  166  17:46  Marine  
  166  17:47  Marine x8  
  162  18:03  Marine  
  162  18:04  Marine x8  
  162  18:05  Marine  
  136  18:12  Widow Mine, Marine x2  
  133  18:21  Marine  
  133  18:22  Marine x2  
  133  18:25  SCV x2  
  133  18:26  SCV x2  
  140  18:29  SCV  
  140  18:32  SCV  
  144  18:44  Marine  
Show
View Real Time Build Order
Export as new Build Order

Reynor Zerg 

Build Orders: Hatch First, Lurkers 

Get SALT Encoding   

  12  0:00  Drone  
  13  0:12  Overlord  
  13  0:16  Drone  
  14  0:30  Drone x2  
  16  0:47  Hatchery  
  15  0:50  Drone  
  15  0:54  Drone  
  18  0:57  Drone  
  18  1:08  Extractor  
  17  1:12  Spawning Pool  
  17  1:15  Drone  
  17  1:18  Drone  
  18  1:27  Drone  
  19  1:38  Drone  
  20  1:48  Overlord  
  20  1:58  Queen x2  
  20  1:59  Zergling x2  
  20  2:00  Zergling x2  
  26  2:09  Drone  
  26  2:10  Drone  
  26  2:11  Metabolic Boost  
  28  2:20  Drone  
  28  2:21  Drone  
  30  2:37  Drone  
  30  2:38  Hatchery  
  30  2:39  Drone  
  31  2:46  Queen  
  33  2:51  Overlord  
  33  2:54  Drone  
  33  2:56  Drone  
  35  2:59  Drone  
  35  3:04  Pneumatized Carapace  
  36  3:10  Overlord  
  36  3:12  Drone x2  
  38  3:14  Drone  
  38  3:16  Drone  
  38  3:17  Drone  
  41  3:21  Drone  
  41  3:25  Drone  
  43  3:29  Queen  
  43  3:32  Drone  
  46  3:35  Overlord  
  46  3:43  Drone  
  46  3:44  Drone x3  
  46  3:47  Queen  
  52  3:50  Zergling x2  
  52  3:51  Overlord  
  53  3:56  Queen  
  53  3:58  Drone  
  53  4:00  Drone  
  53  4:02  Drone x2  
  59  4:05  Drone  
  59  4:07  Drone  
  61  4:11  Zergling x2  
  61  4:12  Overlord  
  61  4:13  Drone  
  63  4:20  Drone  
  63  4:22  Drone  
  63  4:23  Overlord  
  65  4:26  Drone  
  65  4:30  Drone, Queen  
  69  4:34  Drone x3, Evolution Chamber x2  
  69  4:35  Extractor  
  69  4:38  Zergling x4  
  69  4:39  Zergling x2  
  69  4:42  Zergling x2  
  69  4:44  Drone x2  
  75  4:48  Overlord  
  75  4:50  Zergling x4, Spore Crawler  
  75  4:51  Spore Crawler  
  75  4:52  Drone  
  76  4:53  Drone  
  76  4:55  Overlord  
  76  4:56  Drone  
  76  4:57  Drone  
  76  4:58  Drone  
  80  5:01  Queen  
  80  5:05  Overlord  
  80  5:06  Drone  
  83  5:07  Drone  
  83  5:13  Zerg Ground Armor Level 1  
  83  5:14  Zerg Melee Weapons Level 1  
  84  5:22  Drone x3, Hatchery  
  84  5:25  Lair  
  86  5:29  Drone, Extractor  
  86  5:30  Baneling Nest  
  86  5:31  Extractor  
  86  5:32  Drone x2  
  86  5:34  Overlord  
  86  5:35  Drone  
  87  5:37  Drone x2  
  87  5:40  Drone  
  90  5:44  Drone  
  90  5:49  Overlord  
  90  5:56  Zergling x14  
  89  5:59  Zergling x4  
  85  6:06  Drone  
  85  6:08  Drone x2  
  85  6:09  Drone x2  
  79  6:12  Drone  
  79  6:17  Drone  
  81  6:19  Queen  
  81  6:21  Drone  
  83  6:26  Drone  
  83  6:28  Drone  
  83  6:31  Drone, Centrifugal Hooks  
  86  6:32  Drone  
  86  6:38  Drone x2  
  88  6:41  Extractor  
  88  6:42  Extractor  
  88  6:44  Drone x4  
  88  6:45  Drone x2  
  92  6:49  Drone  
  92  6:50  Drone x2  
  92  6:53  Drone x2  
  96  6:54  Drone  
  96  6:56  Drone  
  96  6:58  Queen  
  99  7:04  Drone  
  99  7:05  Drone x2  
  99  7:06  Drone  
  99  7:07  Hydralisk Den  
  102  7:10  Zerg Ground Armor Level 2  
  102  7:11  Spore Crawler, Zerg Melee Weapons Level 2  
  102  7:12  Baneling x3  
  102  7:13  Baneling x2, Zergling x6  
  102  7:14  Zergling x2  
  105  7:17  Zergling x4  
  105  7:18  Zergling x4  
  105  7:19  Zergling x4  
  111  7:27  Overlord  
  111  7:28  Zergling x4  
  111  7:33  Drone x3  
  112  7:40  Overlord  
  112  7:44  Overlord  
  112  7:49  Muscular Augments  
  112  7:51  Zergling x16  
  120  7:53  Overlord  
  120  7:54  Overlord x2  
  120  7:55  Baneling x5, Overlord  
  120  7:56  Overseer, Baneling x4  
  120  7:58  Overlord  
  120  7:59  Baneling x3  
  120  8:01  Drone x3  
  120  8:02  Drone  
  120  8:03  Drone, Spore Crawler  
  120  8:04  Drone  
  125  8:06  Zergling x4  
  127  8:18  Drone, Baneling x4  
  127  8:19  Drone x3, Hydralisk x2  
  131  8:20  Hydralisk x3  
  131  8:21  Baneling x4  
  137  8:28  Hydralisk, Zergling x2  
  137  8:29  Zergling x8  
  137  8:34  Hydralisk x4, Spore Crawler  
  142  8:35  Spore Crawler  
  144  8:43  Overlord  
  144  8:48  Drone x3, Zergling x2  
  132  8:49  Zergling x14  
  132  8:51  Hydralisk  
  132  8:52  Zergling x6  
  145  8:57  Hydralisk  
  145  8:59  Zergling x2  
  148  9:05  Zergling x4  
  148  9:08  Zergling x2  
  151  9:10  Overlord  
  151  9:11  Hydralisk x3, Baneling x6  
  151  9:12  Zergling x2  
  151  9:13  Zergling x4  
  160  9:18  Zergling x2  
  160  9:19  Zergling x6  
  160  9:21  Overseer, Baneling x5  
  160  9:22  Hatchery  
  160  9:23  Zergling x4  
  160  9:24  Zergling x4  
  167  9:26  Overlord  
  167  9:30  Zergling x4  
  168  9:33  Zergling x4  
  170  9:38  Infestation Pit  
  170  9:39  Zergling x4  
  170  9:42  Zergling x8  
  170  9:44  Overlord  
  174  9:48  Zergling x8  
  168  9:54  Zergling x8  
  168  9:56  Hydralisk  
  165  10:00  Zergling x6  
  165  10:06  Queen  
  163  10:07  Hydralisk  
  163  10:09  Zergling x6  
  163  10:10  Zergling x2  
  163  10:11  Hydralisk  
  163  10:13  Zergling x2  
  170  10:15  Zerg Missile Weapons Level 1  
  170  10:19  Zergling x2  
  170  10:22  Zergling x4  
  170  10:25  Zergling x2  
  170  10:26  Hive  
  170  10:27  Drone  
  170  10:28  Baneling x9, Lurker Den  
  174  10:29  Hatchery  
  174  10:30  Drone x3  
  174  10:32  Zergling x2, Extractor  
  174  10:33  Zergling x2  
  174  10:35  Zergling x2  
  177  10:39  Baneling x7  
  177  10:40  Zergling x14  
  179  10:45  Zergling x8  
  179  10:48  Grooved Spines, Zergling x4  
  184  10:52  Zergling x2  
  184  10:55  Zergling x2  
  171  10:57  Zergling x2  
  171  10:59  Zergling x2  
  171  11:01  Drone  
  169  11:04  Drone  
  169  11:06  Extractor  
  169  11:07  Extractor  
  169  11:08  Overseer  
  169  11:09  Drone x2  
  169  11:11  Drone  
  171  11:16  Zergling x2  
  171  11:21  Zergling x4  
  171  11:25  Zergling x2  
  154  11:26  Hydralisk  
  154  11:29  Zergling x16  
  154  11:30  Zergling x2  
  163  11:35  Zergling x8  
  163  11:36  Zergling x2  
  164  11:41  Zergling x4  
  164  11:44  Zergling x2  
  165  11:47  Zergling x2  
  165  11:51  Seismic Spines  
  165  11:52  Baneling x6  
  166  11:55  Zergling x2  
  166  11:56  Zergling x12  
  166  11:57  Zergling x6  
  166  12:00  Zergling x8  
  166  12:01  Zergling x4  
  179  12:02  Lurker x3  
  179  12:03  Lurker x5  
  187  12:08  Zergling x4  
  187  12:09  Zergling x2  
  187  12:14  Overlord  
  190  12:17  Overlord  
  190  12:19  Hatchery, Overlord  
  187  12:29  Zerg Ground Armor Level 3  
  186  12:37  Hatchery  
  179  12:44  Baneling x2  
  179  12:45  Baneling x4  
  179  12:47  Zergling x28  
  179  12:48  Adaptive Talons  
  191  12:52  Lurker x4  
  191  12:54  Zergling x8  
  191  12:55  Zergling x2  
  200  13:01  Baneling x4  
  179  13:06  Zergling x18  
  179  13:07  Hydralisk  
  186  13:13  Zergling x6  
  186  13:17  Hydralisk x2  
  186  13:18  Zergling x2  
  179  13:21  Hydralisk  
  179  13:26  Zergling x6  
  179  13:28  Hydralisk  
  179  13:29  Zergling x4  
  179  13:33  Lurker x3  
  181  13:35  Drone  
  181  13:37  Hatchery  
  181  13:38  Drone x2  
  183  13:45  Zergling x4  
  183  13:51  Zergling x10  
  183  13:55  Hydralisk x2  
  178  13:56  Zergling x8  
  178  13:57  Zergling x4  
  178  14:00  Lurker x3  
  178  14:01  Drone x5  
  178  14:02  Drone  
  197  14:05  Baneling x6  
  197  14:06  Zergling x4  
  199  14:13  Adrenal Glands  
  199  14:16  Zergling x6  
  200  14:26  Zergling x2  
  200  14:27  Zergling x16  
  200  14:30  Hydralisk  
  200  14:36  Zergling x2  
  200  14:37  Zergling x8  
  194  14:42  Zergling x6  
  194  14:45  Zergling x8  
  196  14:52  Zergling x8  
  194  14:57  Zergling x10  
  199  15:03  Zergling x6  
  199  15:07  Overseer  
  190  15:08  Zergling x2  
  190  15:09  Zergling x4  
  190  15:10  Zergling x8  
  190  15:12  Overseer  
  186  15:16  Hydralisk, Zergling x4  
  186  15:17  Zergling x2  
  186  15:20  Overseer  
  186  15:21  Zergling x12  
  186  15:27  Hydralisk x2  
  186  15:28  Zergling x8  
  187  15:30  Zergling x2  
  182  15:43  Baneling x6  
  182  15:45  Lurker x5  
  182  15:49  Zergling x20  
  197  15:51  Queen  
  197  15:53  Spore Crawler  
  197  15:55  Queen  
  186  16:10  Hydralisk x3  
  186  16:11  Zergling x26  
  198  16:14  Overlord  
  197  16:41  Zergling x6  
  181  17:04  Hydralisk x4  
  181  17:05  Zergling x26  
  182  17:08  Lurker x2  
  182  17:09  Overseer, Lurker x4  
  182  17:11  Zergling x8  
  182  17:12  Zergling x6  
  195  17:20  Hydralisk x2, Zergling x6  
  196  17:25  Overseer  
  196  17:27  Zergling x8  
  191  17:42  Zergling x14  
  191  17:43  Zergling x2  
  169  17:44  Zergling x2  
  169  17:46  Queen  
  169  17:48  Hatchery, Zergling x4  
  168  17:51  Zergling x2  
  168  17:53  Hydralisk  
  165  18:00  Zergling x6  
  165  18:04  Zergling x2  
  132  18:07  Hydralisk  
  132  18:08  Hydralisk  
  132  18:09  Hydralisk  
  132  18:11  Zergling x2  
  108  18:13  Hydralisk  
  108  18:15  Hydralisk  
  108  18:16  Hydralisk  
  104  18:21  Hydralisk x2  
  104  18:23  Hydralisk  
  104  18:25  Hydralisk  
  112  18:27  Hydralisk  
  112  18:30  Hydralisk  
  101  18:40  Lurker x2  
  101  18:41  Hydralisk x5, Lurker x2  
  102  18:46  Lurker  
  101  18:51  Lurker x2  
  101  18:52  Lurker  
  100  18:57  Lurker  
  100  19:02  Lurker  

Tags
 
Add a new tag
Caveats
  • Supply blocks, unpowered buildings, or Contaminate may cause inaccurate times.
  • Supply counts are checked every 10 seconds.